 Dungeon Crawl Stone Soup version 0.28.0-53-g5a82cb258f (webtiles) character file.

Game seed: 12995640234344675733

10 MisterFreud the Covert (level 2, 0/29 HPs)
             Began as a Gnoll Delver on June 15, 2022.
             Succumbed to an adder's poison
             ... on level 5 of the Dungeon.
             The game lasted 00:00:35 (75 turns).

MisterFreud the Covert (Gnoll Delver)                 Turns: 75, Time: 00:00:36

Health: 0/29       AC:  3    Str: 11    XL:     2   Next: 20%
Magic:  2/2        EV: 13    Int:  9    God:
Gold:   0          SH:  0    Dex: 13    Spells: 1/1 levels left

rFire   . . .      SeeInvis .   a - +0 short sword
rCold   . . .      Faith    .   (no shield)
rNeg    . . .      Spirit   .   b - +0 leather armour
rPois   .          Reflect  .   (no helmet)
rElec   .          Harm     .   (no cloak)
rCorr   .          Rampage  .   (no gloves)
Will    .....                   (no boots)
Stlth   ++++......              (no amulet)
HPRegen 0.09/turn               (no ring)
MPRegen 0.08/turn               (no ring)

@: lethally poisoned (0 -> -3)
A: fangs 1, strong nose, distributed training
a: no special abilities


You were on level 5 of the Dungeon.
You visited 1 branch of the dungeon, and saw 2 of its levels.

Inventory:

Hand Weapons
 a - a +0 short sword (weapon)
Armour
 b - a +0 leather armour (worn)
Wands
 g - a wand of digging (3)
Scrolls
 c - a scroll of fog
 e - a scroll of fear
Potions
 f - a potion of haste


   Skills:
 + Level 6.4 Fighting
 + Level 4.4 Short Blades
 + Level 0.3 Long Blades
 + Level 0.3 Axes
 + Level 0.3 Maces & Flails
 + Level 0.3 Polearms
 + Level 0.3 Staves
 + Level 0.3 Slings
 + Level 0.3 Bows
 + Level 0.3 Crossbows
 + Level 0.3 Throwing
 + Level 0.3 Armour
 + Level 4.4 Dodging
 + Level 9.5 Stealth
 + Level 0.3 Shields
 + Level 0.3 Unarmed Combat
 + Level 0.3 Spellcasting
 + Level 0.2 Conjurations
 + Level 0.2 Hexes
 + Level 0.2 Summonings
 + Level 0.2 Necromancy
 + Level 0.2 Translocations
 + Level 0.2 Transmutations
 + Level 0.2 Fire Magic
 + Level 0.2 Ice Magic
 + Level 0.2 Air Magic
 + Level 0.2 Earth Magic
 + Level 0.2 Poison Magic
 + Level 0.4 Invocations
 + Level 0.3 Evocations


You had one spell level left.
You didn't know any spells.
Your spell library was empty.

Dungeon Overview and Level Annotations

Branches:
Dungeon (5/15)             Temple (0/1) D:5

Altars:

Portals:
Sewer: D:5


Innate Abilities, Weirdness & Mutations

You have very sharp teeth.
Your uncanny sense of smell can sniff out nearby items.
Your experience applies equally to all skills.


Message History

The adder bites you.
You hit the adder.
You kill the adder!
You have reached level 2!
Unknown command.
Unknown command.
You hit the giant cockroach. Your punch misses the giant cockroach.
The giant cockroach is moderately wounded.
The giant cockroach closely misses you.
You hit the giant cockroach.
The giant cockroach is severely wounded.
The giant cockroach misses you.
You hit the giant cockroach.
You punch the giant cockroach, but do no damage.
The giant cockroach is almost dead.
You hit the giant cockroach.
You kill the giant cockroach!
You barely miss the adder. The adder misses you.
You miss the adder. You bite the adder, but do no damage.
The adder closely misses you. The adder bites you.
* * * LOW HITPOINT WARNING * * *
You are poisoned.
The adder poisons you!
* * * LOW HITPOINT WARNING * * *
You feel sick. The giant cockroach bites you.
* * * LOW HITPOINT WARNING * * *
* * * LOW HITPOINT WARNING * * *
You feel sick.
Okay, then.
Unknown command.
As you read the scroll labelled BOWEZOUHOY, it crumbles to dust.
It is a scroll of identify.
You don't have any unidentified items.
* * * LOW HITPOINT WARNING * * *
You feel sick. The giant cockroach misses you. The adder bites you.
* * * LOW HITPOINT WARNING * * *
Unknown command.
Unknown command.
Unknown command.
You die...

****,,#######........*****≈*≈*
*,,,,,#≈≈≈≈≈#........,*****≈≈≈
*,,,,,#≈≈∩≈≈'........,**≈***≈*
**,,,,,#≈≈≈≈≈#....?...***≈**≈**
*,,,,,,#######.#....##* **≈≈***
*,,,,,,........#*#### ***+***≈
*,,,,,,....#..B# *,,,,***
*,,,,,,...,##S.# ***,,,*
*,,,,,,..∆,*#B@# ***,**
*,,,,,,.,,,*#..# *...
**,,,,,,,,,*#..# *..,
*,,,,,,,,**#..# *#.#*
**,,,,,,,* #..# *..* **,,,****
#..# ##.#* **,,,** #..# #..#
**,,,**##..###########.#*
*,*,,,#...............#


You could see an adder and 2 giant cockroaches.

Vanquished Creatures
  An adder (D:5)
  A giant cockroach (D:5)
2 creatures vanquished.

Notes
Turn   | Place    | Note
-------+----------+-------------------------------------------
     0 | D:5      | Reached skill level 9 in Stealth
     0 | D:5      | MisterFreud the Gnoll Delver began the quest for the Orb.
     0 | D:5      | Reached XP level 1. HP: 23/23 MP: 1/1
     1 | D:5      | Found a staircase to the Ecumenical Temple.
    45 | D:5      | Found a glowing drain.
    65 | D:5      | Reached XP level 2. HP: 10/29 MP: 2/2
    74 | D:5      | HP: 1/29 [adder (2)]
    75 | D:5      | Succumbed to an adder's poison

Illustrated notes

Levels and vault maps discovered:
D:4:      minmay_recursive_quarters, layout_basic,
          mainiacjoe_overflow_tiny_flanked, bh_walls_and_bars, uniq_natasha,
          uniq_ijyb, uniq_menkaure
D:5:      layout_cave_pods, minmay_temple_entry_glass, gup_sewer_entry_glass,
          roderic_batcave, saegor_snake_ambush

Skill      XL: | |
---------------+-+-----
Stealth        | |  9.5
Fighting       | |  6.4
Short Blades   | |  4.4
Long Blades    | |  0.3
Axes           | |  0.3
Maces & Flails | |  0.3
Polearms       | |  0.3
Staves         | |  0.3
Slings         | |  0.3
Bows           | |  0.3
Crossbows      | |  0.3
Throwing       | |  0.3
Armour         | |  0.3
Dodging        | |  4.4
Shields        | |  0.3
Unarmed Combat | |  0.3
Spellcasting   | |  0.3
Conjurations   | |  0.2
Hexes          | |  0.2
Summonings     | |  0.2
Necromancy     | |  0.2
Translocations | |  0.2
Transmutations | |  0.2
Fire Magic     | |  0.2
Ice Magic      | |  0.2
Air Magic      | |  0.2
Earth Magic    | |  0.2
Poison Magic   | |  0.2
Invocations    | |  0.4
Evocations     | |  0.3

Action                   || total
-------------------------++-------
Melee: Short sword       ||    16
       Bite              ||     3
       Punch             ||     1
  Use: Scroll            ||     2
Armor: Leather armour    ||     2
Dodge: Dodged            ||    10
